 Dungeon Crawl Stone Soup version 0.17.0-17-ge4ba49f (webtiles) character file.

109525 Kold the Unseen (level 16, -5/88 HPs)
             Began as a Vine Stalker Monk on Nov 11, 2015.
             Was the Champion of Okawaru.
             Killed from afar by a deep elf knight (30 damage)
             ... with a shard of ice
             ... on level 2 of the Elven Halls.
             The game lasted 01:22:23 (27675 turns).

Kold the Unseen (Vine Stalker Monk)                Turns: 27675, Time: 01:22:23

Health: -5/88      AC: 16    Str: 14    XL:     16   Next: 52%
Magic:  0/43       EV: 20    Int: 12    God:    Okawaru [******]
Gold:   1805       SH:  7    Dex: 24    Spells: 3 memorised, 10 levels left

rFire  + + +     SeeInvis .     O - +8 dagger "Ufeluzer" {pierce, rElec rF++ MP+9}
rCold  . . .     Clarity  .     k - +1 mottled dragon armour of the Shoals {MP+9 Slay+2}
rNeg   . . .     SustAt   .     l - +0 buckler
rPois  +         Gourm    .     d - +2 hat
rElec  +         Spirit   +     K - +2 cloak
rCorr  .         Warding  .     f - +2 pair of gloves of the Onion {rF+ Regen+}
rMut   .         Stasis   .     h - -1 pair of boots of Atheism {+Fly rPois Int+2}
MR     ++...                    R - amulet of faith
Stlth  ++++++....               M - +4 ring of evasion
                                i - ring of protection from fire

@: studying Bows, drained, very resistant to hostile enchantments, very stealthy
A: fangs 3, blink, fire resistance 1, mutation resistance 1, regeneration 3,
robust 1, magic shield, antimagic bite, no device heal 3, rot immunity
a: Blink, Heroism, Finesse, Renounce Religion, Evoke Flight


You were on level 2 of the Elven Halls.
You worshipped Okawaru.
Okawaru was exalted by your worship.
You were not hungry.

You visited 5 branches of the dungeon, and saw 28 of its levels.
You also visited: Labyrinth and Bailey.

You collected 3340 gold pieces.
You spent 1535 gold pieces at shops.

Inventory:

Hand Weapons
 c - a +0 blowgun
 o - a +5 dagger of freezing
 q - a +2 short sword of speed
 O - the +8 dagger "Ufeluzer" (weapon) {pierce, rElec rF++ MP+9}
   (You found it in a labyrinth)

   It inflicts extra damage upon your enemies.
   It greatly protects you from fire.
   It insulates you from electricity.
   It affects your magic capacity (+9).
 P - a +6 short sword of draining
Missiles
 m - 21 curare-tipped needles
Armour
 d - a +2 hat (worn)
 f - the +2 pair of gloves of the Onion (worn) {rF+ Regen+}
   (Okawaru gifted it to you on level 5 of the Lair of Beasts)

   It protects you from fire.
   It increases your rate of regeneration.
 h - the -1 pair of boots of Atheism (worn) {+Fly rPois Int+2}
   (You found it on level 7 of the Lair of Beasts)

   It affects your intelligence (+2).
   It protects you from poison.
   It lets you fly.
 k - the +1 mottled dragon armour of the Shoals (worn) {MP+9 Slay+2}
   (Okawaru gifted it to you on level 7 of the Lair of Beasts)

   It affects your accuracy and damage with ranged weapons and melee attacks
   (+2).
   It affects your magic capacity (+9).
 l - a +0 buckler (worn)
 K - a +2 cloak (worn)
 Z - the +0 cloak of Grace {rF- rN+ rCorr Int+3}
   (You bought it in a shop on level 4 of the Orcish Mines)

   It affects your intelligence (+3).
   It makes you vulnerable to fire.
   It protects you from negative energy.
   It protects you from acid and corrosion.
Jewellery
 i - a ring of protection from fire (left hand)
 x - an uncursed amulet of warding
 D - an uncursed ring of protection from cold
 M - a +4 ring of evasion (right hand)
 Q - the amulet "Feycheu" {Clar rF+ Str+4}
   (You found it on level 13 of the Dungeon)

   [amulet of clarity]

   It provides mental clarity.
   It affects your strength (+4).
   It protects you from fire.
 R - an amulet of faith (around neck)
Wands
 v - a wand of lightning (15)
 S - a wand of digging (13)
 T - a wand of disintegration (9)
 V - a wand of fireball (7)
 X - a wand of enslavement (4)
 Y - a wand of invisibility (3)
Scrolls
 e - 12 scrolls of remove curse
 g - 4 scrolls of amnesia
 j - a scroll of magic mapping
 p - 2 scrolls of fog
 r - 8 scrolls of teleportation
 w - 3 scrolls of enchant weapon
 y - 2 scrolls of fear
 C - a scroll of identify
 H - 4 scrolls of enchant armour
 J - a scroll of acquirement
 L - 2 scrolls of blinking
 N - 3 scrolls of recharging
Potions
 n - 3 potions of might
 s - 4 potions of brilliance
 t - 2 potions of haste
 z - a potion of cure mutation
 B - 14 potions of curing
 E - 5 potions of magic
 F - a potion of resistance
 G - 3 potions of agility
 I - 3 potions of invisibility
Books
 U - a manual of Bows
 W - a book of the Sky

   Spells                             Type                      Level
   a - Summon Lightning Spire         Summoning/Air                4
   b - Airstrike                      Air                          4
   c - Silence                        Hexes/Air                    5
   d - Deflect Missiles               Charms/Air                   6
   e - Conjure Ball Lightning         Conjuration/Air              6
   f - Tornado                        Air                          9
Comestibles
 a - 19 fruits
 b - 9 bread rations
 u - 12 meat rations
 A - 10 royal jellies


   Skills:
 - Level 7.4(6.7) Fighting
 + Level 15.6(14.6) Short Blades
 - Level 5.2(4.4) Armour
 - Level 6.0(5.2) Dodging
 - Level 16.7(15.8) Stealth
 - Level 7.0(6.2) Shields
 - Level 4.0(3.3) Unarmed Combat
 - Level 6.1(5.4) Invocations
 - Level 11.0(10.1) Evocations


You had 10 spell levels left.
You knew the following spells:

 Your Spells              Type           Power        Failure   Level  Hunger
a - Apportation           Tloc           #.........   47%         1    ##.....
b - Slow                  Hex            #.......     73%         2    ###....
c - Repel Missiles        Chrm/Air       #.....       73%         2    ###....


Dungeon Overview and Level Annotations

Branches:
Dungeon (13/15) Temple (1/1) D:5 Lair (8/8) D:9 Swamp (0/4) Lair:4 Spider (0/4) Lair:6 Slime (0/6) Lair:7 Orc (4/4) D:10 Elf (2/3) Orc:4 Vaults (0/5) D:12 D:13

Altars:
Ashenzari
Cheibriados
Dithmenos
Elyvilon
Fedhas
Gozag
Kikubaaqudgha
Makhleb
Nemelex Xobeh
Okawaru
Qazlal
Ru
Sif Muna
Trog
Vehumet
Xom
Yredelemnul
Zin
The Shining One
Beogh
Jiyva

Shops:
D:4 :   D:6 *   Orc:4 ?(*(

Portals:
Trove: D:12 (give 2 potions of cure mutation)

Annotations:
D:1 exclusion: 3 doors
D:4 Pikel
Elf:1 exclusion: orange crystal statue


Innate Abilities, Weirdness & Mutations

You have razor-sharp teeth.
You regenerate.
When hurt, damage is shared between your health and your magic reserves.
Your bite disrupts and absorbs the magic of your enemies.
Potions and wands cannot restore your health.
You are immune to rotting.
You can translocate small distances at will.
Your flesh is heat resistant.
You are somewhat resistant to further mutation.
You are robust (+10% HP).


Message History

* * * LOW HITPOINT WARNING * * *
A deep elf demonologist comes into view.
It is wielding a rapier.
There is a large open door here.
You see here a dire flail of holy wrath.
There is an open gate, spattered with blood here.
You see here an arrow.
Something hits you but does no damage.
The deep elf demonologist shouts!
You hit something. Something blocks your attack.
You puncture something! Okawaru accepts your kill.
Reactivating autopickup.
You feel a bit more experienced.
The deep elf fighter casts a spell.
The deep elf fighter seems to speed up.
The deep elf demonologist mumbles some strange words.
You block the deep elf demonologist's attack.
The deep elf knight points at you and mumbles some strange words.
The shard of ice hits you!
You die...

........#...## ............##
.............## ..............#
.............##
..............###################
###.........))##[............##..
##.......)#(4'e#..#)..#..#.##..
#.........##.'@........)....#..
##........#')).#..#...#..#.....
###.........e'##.(...........##..
...........)..###################
.)......e..e.## # ..............#
# .............## #
............## # ........#...# #


You could see a deep elf demonologist, an orange demon, a deep elf knight and a
deep elf fighter.

Vanquished Creatures
  Rupert (D:12)
  A deep elf blademaster (Elf:2)
  Donald (D:13)
  A deep elf demonologist (Elf:1)
  Nessos (Lair:5)
  An ettin (Orc:4)
  A minotaur (Lab)
  A deep elf high priest (Elf:1)
  2 hydras
  A centaur warrior (D:13)
  2 ogre magi (Orc:4)
  8 dancing weapons (Elf:2)
  An orc high priest (Orc:3)
  A tengu warrior (D:13)
  Urug (Orc:1)
  Sonja (Lair:1)
  Nergalle (Orc:2)
  A skeletal warrior (D:12)
  8 deep elf knights
  2 deep trolls (Orc:4)
  7 hill giants
  2 unseen horrors
  6 deep elf summoners
  3 ugly things
  4 deep elf conjurers
  4 cyclopes
  A manticore (D:13)
  An orc knight (Bailey)
  An oklob plant (Lair:8)
  An orb spider (Lair:6)
  A griffon (D:11)
  A torpor snail (Lair:5)
  11 elephants
  28 spiny frogs
  2 gargoyles
  3 black mambas
  2 kobold demonologists (D:12)
  2 efreet (D:13)
  7 deep elf priests (Elf:1)
  6 komodo dragons
  A queen bee (Lair:8)
  2 fire drakes
  11 trolls
  6 two-headed ogres (Orc:4)
  3 polar bears
  9 giant leeches (Lair:8)
  Grinder (D:4)
  Prince Ribbit (Lair:1)
  A minotaur skeleton (Lab)
  5 slime creatures (D:13)
  A wyvern (D:10)
  26 blink frogs
  5 deep elf magi
  Sigmund (D:2)
  5 deep elf fighters
  66 yaks
  A wraith (D:13)
  16 humans
  5 basilisks
  Grum (D:9)
  5 hungry ghosts (Lab)
  15 wolves
  2 mottled dragons
  12 hippogriffs
  7 vampire mosquitoes
  The ghost of Kold the Sneak, an amateur VSMo (D:4)
  14 porcupines
  16 water moccasins
  A porcupine (shapeshifter) (Elf:1)
  17 orc warriors
  3 slaves
  An eye of draining (D:12)
  21 ogres
  5 ice beasts
  A wasp (D:12)
  3 black bears
  2 sky beasts
  A phantom (D:8)
  7 centaurs
  2 necrophages
  16 crocodiles
  5 big kobolds
  29 giant frogs
  2 wyvern zombies
  3 scorpions
  A wyvern skeleton (D:12)
  25 killer bees (Lair:8)
  8 wights
  5 crimson imps
  3 electric eels
  17 orc priests
  2 giant frog zombies
  2 quasits
  6 centaur skeletons
  3 centaur zombies
  Crazy Yiuf (D:2)
  4 hounds
  2 jellies
  2 giant frog skeletons
  19 orc wizards
  9 iguanas
  Natasha (twice) (D:2)
  9 sheep
  5 hell rats (Lair:2)
  7 worker ants
  2 centaur simulacra (D:9)
  A giant frog simulacrum (D:9)
  2 hound skeletons (D:9)
  A hound zombie (D:9)
  Robin (D:3)
  10 adders
  A worker ant zombie (D:9)
  50 river rats
  2 shadow imps
  2 white imps (D:9)
  A worker ant simulacrum (D:9)
  An ooze (D:3)
  An adder zombie (D:5)
  An adder skeleton (D:5)
  5 worms
  5 giant geckos
  138 orcs
  15 hobgoblins
  3 jackals (D:5)
  19 kobolds
  A ball python (D:4)
  6 bats
  4 giant cockroaches
  A giant gecko skeleton (D:6)
  4 giant newts
  18 goblins
  3 quokkas
  11 rats
  A butterfly (Lair:3)
  2 fungi (D:9)
932 creatures vanquished.

Vanquished Creatures (others)
  A bush (Lair:8)
  28 fungi
  33 plants
62 creatures vanquished.

Grand Total: 994 creatures vanquished

Notes
Turn   | Place    | Note
--------------------------------------------------------------
     0 | D:1      | Kold the Vine Stalker Monk began the quest for the Orb.
     0 | D:1      | Reached XP level 1. HP: 11/11 MP: 2/2
   167 | D:1      | Reached XP level 2. HP: 16/16 MP: 3/3
   732 | D:2      | Noticed Robin
   785 | D:2      | Reached XP level 3. HP: 20/20 MP: 4/4
   932 | D:3      | Reached skill level 1 in Short Blades
  1003 | D:3      | Killed Robin
  1312 | D:2      | Reached XP level 4. HP: 19/24 MP: 2/5
  1359 | D:2      | Noticed Crazy Yiuf
  1370 | D:2      | Killed Crazy Yiuf
  1469 | D:2      | Noticed Natasha
  1485 | D:2      | Killed Natasha
  1485 | D:2      | Reached XP level 5. HP: 23/28 MP: 6/6
  1596 | D:2      | Noticed Natasha
  1602 | D:2      | Killed Natasha
  1648 | D:2      | Noticed Sigmund
  1686 | D:2      | Killed Sigmund
  1686 | D:2      | Gained mutation: You heal very quickly. [Vine Stalker growth]
  1686 | D:2      | Reached XP level 6. HP: 11/32 MP: 5/7
  2049 | D:3      | Reached skill level 5 in Short Blades
  2219 | D:3      | Found a sacrificial altar of Ru.
  2219 | D:3      | Found a blossoming altar of Fedhas.
  2618 | D:4      | Found Vory's Book Emporium.
  2752 | D:4      | Noticed Kold's ghost (amateur VSMo)
  2767 | D:4      | Killed Kold's ghost
  2767 | D:4      | Reached skill level 6 in Short Blades
  2767 | D:4      | Reached XP level 7. HP: 14/36 MP: 3/8
  3060 | D:4      | Noticed Grinder
  3086 | D:4      | Killed Grinder
  3086 | D:4      | Reached skill level 7 in Short Blades
  3196 | D:4      | Noticed Pikel
  3276 | D:5      | Entered Level 5 of the Dungeon
  3680 | D:5      | Gained mutation: You have razor-sharp teeth. [Vine Stalker growth]
  3680 | D:5      | Reached XP level 8. HP: 31/40 MP: 9/9
  3896 | D:5      | Found a staircase to the Ecumenical Temple.
  3916 | Temple   | Entered the Ecumenical Temple
  4109 | Temple   | Became a worshipper of Warmaster Okawaru
  4109 | Temple   | Reached * piety under Okawaru
  4109 | Temple   | Reached ** piety under Okawaru
  4656 | D:4      | Reached skill level 8 in Short Blades
  4738 | D:5      | Found a glowing golden altar of the Shining One.
  5079 | D:6      | Found Yvvaocui's General Store.
  5082 | D:6      | Bought a scroll of teleportation for 42 gold pieces
  5082 | D:6      | Bought a scroll of enchant weapon for 105 gold pieces
  5562 | D:6      | Reached skill level 9 in Short Blades
  5748 | D:7      | Reached skill level 5 in Stealth
  6195 | D:7      | Gained mutation: You can translocate small distances at will. [potion of mutation]
  6195 | D:7      | Gained mutation: Your flesh is heat resistant. [potion of mutation]
  6195 | D:7      | Gained mutation: You are robust (+10% HP). [potion of mutation]
  6319 | D:8      | Reached XP level 9. HP: 48/48 MP: 10/10
  6422 | D:8      | Found a deep blue altar of Sif Muna.
  6424 | D:8      | Found a radiant altar of Vehumet.
  6424 | D:8      | Found an ancient bone altar of Kikubaaqudgha.
  6429 | D:8      | Identified Vehumet's Reference Book on Attacks
  6436 | D:8      | Identified Sif Muna's Compendium of the Entourage
  6443 | D:8      | Identified Kikubaaqudgha's Incunabulum of Black Secrets
  6512 | D:8      | Reached skill level 1 in Invocations
  6737 | D:9      | Reached *** piety under Okawaru
  6977 | D:9      | Found an opulent altar of Gozag.
  7177 | D:8      | Reached **** piety under Okawaru
  7198 | D:7      | Reached skill level 10 in Short Blades
  7286 | D:8      | Reached XP level 10. HP: 24/53 MP: 10/14
  7530 | D:8      | Reached skill level 5 in Invocations
  7533 | D:8      | Reached ***** piety under Okawaru
  7848 | D:9      | Noticed Grum
  8023 | D:9      | Found a staircase to the Lair.
  8167 | D:8      | Reached skill level 10 in Stealth
  8355 | Lair:1   | Entered Level 1 of the Lair of Beasts
  8361 | Lair:1   | Reached skill level 1 in Armour
  8467 | Lair:1   | Noticed Prince Ribbit
  8481 | Lair:1   | Received a gift from Okawaru
  8610 | Lair:1   | Killed Prince Ribbit
  8618 | Lair:1   | Received a gift from Okawaru
  8619 | Lair:1   | Got a smoking quarterstaff {god gift}
  8703 | Lair:1   | Noticed Sonja
  8712 | Lair:1   | Killed Sonja
  8727 | Lair:1   | Reached XP level 11. HP: 57/57 MP: 16/16
  8736 | Lair:1   | Reached skill level 5 in Dodging
  8833 | Lair:1   | Identified the +10 quarterstaff of Tytiuf {venom, Int+3 Dex+2} (Okawaru gifted it to you on level 1 of the Lair of Beasts)
  8896 | Lair:1   | Learned a level 1 spell: Apportation
  8899 | Lair:1   | Learned a level 2 spell: Slow
  8902 | Lair:1   | Learned a level 2 spell: Repel Missiles
  8984 | Lair:1   | Received a gift from Okawaru
  8995 | Lair:1   | Reached ****** piety under Okawaru
  9103 | Lair:1   | Reached skill level 5 in Armour
  9128 | Lair:1   | Received a gift from Okawaru
  9289 | Lair:1   | Reached skill level 1 in Shields
 10080 | Lair:2   | Received a gift from Okawaru
 10081 | Lair:2   | Got a smoking plate armour {god gift}
 10251 | Lair:2   | Reached skill level 5 in Shields
 10262 | Lair:2   | Identified the +1 plate armour "Vipnucku" {rCorr Dex+6 Slay-5} (Okawaru gifted it to you on level 2 of the Lair of Beasts)
 11174 | Lair:3   | Gained mutation: You regenerate. [Vine Stalker growth]
 11174 | Lair:3   | Reached XP level 12. HP: 29/61 MP: 17/17
 12087 | Lair:4   | Found a staircase to the Swamp.
 12359 | Lair:4   | Received a gift from Okawaru
 12360 | Lair:4   | Got a pitted dagger {god gift}
 12361 | Lair:4   | Identified the +7 dagger "Pueduaf" {pierce, MP+9 Str+7 Int+4 Dex-2} (Okawaru gifted it to you on level 4 of the Lair of Beasts)
 12680 | Lair:5   | Reached skill level 11 in Stealth
 12838 | Lair:5   | Reached skill level 5 in Fighting
 12974 | Lair:5   | Received a gift from Okawaru
 13000 | Lair:5   | Got a pair of jewelled gloves {god gift}
 13011 | Lair:5   | Identified the +2 pair of gloves of the Onion {rF+ Regen+} (Okawaru gifted it to you on level 5 of the Lair of Beasts)
 13130 | Lair:5   | Reached skill level 12 in Stealth
 13330 | Lair:5   | Reached XP level 13. HP: 71/71 MP: 18/18
 13491 | Lair:5   | Noticed Nessos
 13524 | Lair:5   | Killed Nessos
 13647 | Lair:5   | Received a gift from Okawaru
 13794 | Lair:5   | Reached skill level 13 in Stealth
 14255 | Lair:6   | Found a hole to the Spider Nest.
 14892 | Lair:7   | Found a viscous altar of Jiyva.
 14894 | Lair:7   | Found a staircase to the Slime Pits.
 15261 | Lair:7   | Got a pair of twisted boots
 15272 | Lair:7   | Identified the cursed -1 pair of boots of Atheism {+Fly rPois Int+2} (You found it on level 7 of the Lair of Beasts)
 16060 | Lair:8   | Entered Level 8 of the Lair of Beasts
 16127 | Lair:7   | Reached skill level 14 in Stealth
 16186 | Lair:7   | Received a gift from Okawaru
 16192 | Lair:7   | Got a polished mottled dragon armour {god gift}
 16203 | Lair:7   | Identified the +1 mottled dragon armour of the Shoals {MP+9 Slay+2} (Okawaru gifted it to you on level 7 of the Lair of Beasts)
 16420 | Lair:1   | Gained mutation: You are somewhat resistant to further mutation. [potion of beneficial mutation]
 16914 | Lair:8   | Reached XP level 14. HP: 79/79 MP: 19/19
 17024 | Lair:8   | Reached skill level 15 in Stealth
 17308 | Lair:8   | Received a gift from Okawaru
 17541 | Lair:8   | Identified the Almanac of Evil
 18038 | Lair:8   | Reached skill level 16 in Stealth
 18711 | D:9      | Killed Grum
 18763 | D:10     | Entered Level 10 of the Dungeon
 18764 | D:10     | Found a staircase to the Orcish Mines.
 18800 | D:10     | Received a gift from Okawaru
 19642 | D:11     | Found a flagged portal.
 19680 | Bailey   | Entered a bailey
 20957 | D:12     | Reached skill level 1 in Evocations
 20993 | D:12     | Received a gift from Okawaru
 21393 | D:12     | Found a portal to a secret trove of treasure.
 21553 | D:12     | Received a gift from Okawaru
 21553 | D:12     | Reached XP level 15. HP: 79/82 MP: 20/20
 21774 | D:13     | Found a gate to the Vaults.
 21774 | D:13     | Noticed Rupert
 21774 | D:13     | Noticed Donald
 21839 | D:12     | Killed Rupert
 21839 | D:12     | Reached skill level 5 in Evocations
 22043 | D:13     | Killed Donald
 22136 | D:13     | Found a labyrinth entrance.
 22166 | Lab      | Entered a labyrinth
 22293 | Lab      | Found an exit through the horrors of the Abyss.
 22497 | Lab      | Got a crude dagger
 22497 | Lab      | Got a shimmering spear
 22499 | Lab      | Identified the +8 dagger "Ufeluzer" {pierce, rElec rF++ MP+9} (You found it in a labyrinth)
 22501 | Lab      | Identified the +3 spear "Dragonslayer" {pierce, Str-2 Int+2 Stlth+} (You found it in a labyrinth)
 22515 | Lab      | Got a polished cloak
 22526 | Lab      | Identified the +0 cloak "Botamaha" {rN+ Int+3} (You found it in a labyrinth)
 22587 | D:13     | Got a translucent graven amulet
 22588 | D:13     | Identified the amulet "Feycheu" {Clar rF+ Str+4} (You found it on level 13 of the Dungeon)
 22669 | D:13     | Found an iron altar of Okawaru.
 22976 | D:13     | Received a gift from Okawaru
 23423 | Orc:1    | Entered Level 1 of the Orcish Mines
 23571 | Orc:1    | Noticed Urug
 23585 | Orc:1    | Killed Urug
 24026 | Orc:2    | Found a burning altar of Makhleb.
 24028 | Orc:2    | Noticed Nergalle
 24033 | Orc:2    | Killed Nergalle
 24159 | Orc:2    | Found a roughly hewn altar of Beogh.
 24941 | Orc:4    | Entered Level 4 of the Orcish Mines
 24941 | Orc:4    | Found a staircase to the Elven Halls.
 25324 | Orc:4    | Reached skill level 10 in Evocations
 25481 | Orc:4    | Found Jagahunt's Weapon Shop.
 25490 | Orc:4    | Found Waimpeo's Assorted Antiques.
 25495 | Orc:4    | Found Exzim's Weapon Boutique.
 25496 | Orc:4    | Found Daohene's Magic Scroll Shop.
 25498 | Orc:4    | Bought a polished cloak for 190 gold pieces
 25498 | Orc:4    | Bought a potion of haste for 200 gold pieces
 25498 | Orc:4    | Bought a scroll of teleportation for 60 gold pieces
 25705 | Orc:4    | Bought a scroll of acquirement for 728 gold pieces
 25705 | Orc:4    | Bought a scroll of enchant armour for 105 gold pieces
 25705 | Orc:4    | Bought a scroll of enchant armour for 105 gold pieces
 26130 | Elf:1    | Entered Level 1 of the Elven Halls
 26199 | Elf:1    | Reached XP level 16. HP: 88/88 MP: 25/25
 26300 | Elf:1    | Received a gift from Okawaru
 26313 | Elf:1    | Identified the cursed +0 cloak of Grace {rF- rN+ rCorr Int+3} (You bought it in a shop on level 4 of the Orcish Mines)
 27312 | Elf:2    | Found a runed gate.
 27312 | Elf:2    | Found a runed gate.
 27312 | Elf:2    | Found a runed gate.
 27313 | Elf:2    | Reached skill level 15 in Short Blades
 27362 | Elf:2    | Noticed a deep elf blademaster
 27404 | Elf:2    | Received a gift from Okawaru
 27516 | Elf:2    | Killed a deep elf blademaster
 27675 | Elf:2    | Killed from afar by a deep elf knight

Action                   |  1- 3 |  4- 6 |  7- 9 | 10-12 | 13-15 | 16-18 || total
-------------------------+-------+-------+-------+-------+-------+-------++-------
Melee: Unarmed           |    57 |       |       |       |       |       ||    57
       Dagger            |    47 |   180 |   391 |   970 |  2472 |   223 ||  4283
       Short sword       |       |       |       |       |     2 |       ||     2
 Fire: Blowgun           |       |       |       |       |     2 |       ||     2
Invok: Heroism           |       |       |       |     3 |     8 |     2 ||    13
       Finesse           |       |       |       |     1 |     1 |     1 ||     3
 Abil: Blink             |       |       |       |     2 |     2 |       ||     4
       Evoke Flight      |       |       |       |       |     1 |       ||     1
Evoke: Wand              |       |       |       |       |     2 |       ||     2
  Use: Scroll            |       |       |     6 |    13 |    14 |     5 ||    38
       Potion            |       |       |     1 |     2 |     2 |       ||     5
 Stab: Sleeping          |     5 |     8 |    10 |    37 |    71 |    12 ||   143
       Distracted        |       |     1 |     2 |     3 |    14 |       ||    20
       Invisible         |       |       |       |       |     1 |       ||     1
  Eat: Chunk             |     1 |     6 |     9 |    20 |    39 |     3 ||    78
       Bread ration      |       |       |     1 |       |       |       ||     1
       Beef jerky        |       |       |       |     1 |       |     1 ||     2
       Pizza             |       |       |       |       |     2 |       ||     2
       Fruit             |       |       |       |       |     5 |       ||     5
